 Dungeon Crawl Stone Soup version 0.31-a0-1370-gf52a5a9ab3 (webtiles) character file.

Game seed: 1628230112413121967

204 MisterAzrael the Magician (level 5, 0/42 HPs)
             Began as a Deep Elf Hedge Wizard on Dec 24, 2023.
             Splashed by a jelly's acid (7 damage)
             ... on level 4 of the Dungeon.
             The game lasted 00:06:39 (3443 turns).

MisterAzrael the Magician (Deep Elf Hedge Wizard)   Turns: 3443, Time: 00:06:40

Health: 0/42       AC: 22    Str:  4 (7)  XL:     5   Next: 52%
Magic:  12/16      EV:  2    Int: 20 (21) God:
Gold:   203        SH:  0    Dex: 11 (14) Spells: 7/17 levels left

rFire   . . .        a - +0 dagger
rCold   . . .        (no shield)
rNeg    . . .        b - melded +0 robe
rPois   +            c - melded +0 hat
rElec   .            (cloak currently unavailable)
rCorr   .            (gloves currently unavailable)
SInv    .            (boots currently unavailable)
Will    .....        (no amulet)
Stlth   ++           (no ring)
HPRegen 0.27/turn    (no ring)
MPRegen 0.15/turn

%: no passive effects
@: tree-form
A: stationary, stasis, torment immunity, boosted hp
a: no special abilities


You were on level 4 of the Dungeon.
You were a tree.
You visited 1 branch of the dungeon, and saw 4 of its levels.

You collected 203 gold pieces.

Inventory:

Hand Weapons
 a - a +0 dagger (weapon)
Missiles
 g - a throwing net
Armour
 b - a +0 robe (melded)
 c - a +0 hat (melded)
Scrolls
 e - 2 scrolls of enchant weapon {unknown}
 h - 2 scrolls of vulnerability {unknown}
 i - a scroll of poison {unknown}
 k - 2 scrolls of identify {unknown}
 m - a scroll of enchant armour {unknown}
Potions
 d - a potion of magic


   Skills:
 - Level 2.4 Dodging
 - Level 2.4 Stealth
 + Level 6.8 Spellcasting
 + Level 3.2 Conjurations
 * Level 2.7 Hexes
 - Level 1.1 Summonings
 - Level 1.1 Translocations
 + Level 0.9 Ice Magic


You had 7 spell levels left.
You knew the following spells:

 Your Spells              Type           Power      Damage    Failure   Level
a - Magic Dart            Conj           76%        1d6       2%          1
b - Slow                  Hex            68%        N/A       3%          1
c - Call Imp              Summ           22%        N/A       10%         2
d - Mephitic Cloud        Conj/Alch/Air  11%        N/A       19%         3
e - Ozocubu's Armour      Ice            10%        N/A       19%         3

Your spell library contained the following spells:

 Spells                   Type           Power      Damage    Failure   Level
 Blink                    Tloc           22%        N/A       10%         2
 Cigotuvi's Dreadful Rot  Necr/Alch/Air  12%        N/A       14%         2
 Summon Lightning Spire   Summ/Air       9%         N/A       58%         4
 Metabolic Englaciation   Hex/Ice        7%         N/A       77%         5
 Yara's Violent Unravell  Hex/Alch       6%         3d5       83%         5
 Plasma Beam              Fire/Air       3%         2x1d13    100%        6
 Simulacrum               Ice/Necr       4%         N/A       100%        6


Dungeon Overview and Level Annotations

Branches:
Dungeon (4/15)
 Temple: D:4-7

Altars:
Nemelex Xobeh
Qazlal

Shops:
D:3 [


Message History

m - a scroll labelled ACU OMAULE
e - 2 scrolls labelled MUWKASTR JOEH (gained 1)
A jelly comes into view.
A jelly is nearby!
The magic dart hits the jelly.
The jelly is lightly wounded.
The jelly quivers.
The magic dart hits the jelly.
The jelly is moderately wounded.
The magic dart hits the jelly.
The jelly is heavily wounded.
Casting: Magic Dart (safe; 2% risk of failure)
Confirm with . or Enter, or press ? or * to list all spells.
Aiming: Slow (safe; 3% risk of failure)
Press: ? - help, Shift-Dir - straight line, f/p - jelly
Aim: a jelly (heavily wounded, chance to affect: 60%)
The jelly resists with significant effort.
The jelly hits you.
You are splashed with acid!
The jelly barely misses you. The jelly attacks as it pursues you!
The jelly hits you.
You are splashed with acid!
Casting: Slow (safe; 3% risk of failure)
Confirm with . or Enter, or press ? or * to list all spells.
Aiming: Slow (safe; 3% risk of failure)
Press: ? - help, Shift-Dir - straight line, f/p - jelly
Aim: a jelly (heavily wounded, chance to affect: 60%)
The jelly resists with significant effort.
The jelly hits you.
You are splashed with acid!
* * * LOW HITPOINT WARNING * * *
It was a potion of lignification.
You turn into a tree.
Your +0 hat melds into your body.
Your +0 robe melds into your body.
Your roots penetrate the ground.
The jelly hits you but does no damage.
It was a potion of degeneration.
There was something very wrong with that liquid.
You feel weakened.
You feel dopey.
You feel clumsy. The jelly hits you but does no damage.
It was a potion of curing.
You feel better. The jelly hits you.
* * * LOW HITPOINT WARNING * * *
You are splashed with acid!
You die...

#.......# #..>.##..
######....###.
..........# #.
##.###..### ## ##.# ##.#
§§#
###########..####.#§§§§#
..................#§§§§#
#.....♣J....####.#§§§§#
#.#########.# #.#§§§§#
#.# #.# ..! ..# #.## #.#
... ### #.. ..


You could see a jelly.

Vanquished Creatures
  A phantom (D:4)
  A gnoll (D:2)
  3 adders (D:3)
  3 worms
  2 dart slugs
  2 orcs
  7 endoplasms
  2 giant cockroaches
  5 goblins
  5 hobgoblins
  2 jackals (D:1)
  2 quokkas
  8 ball pythons
  6 bats
  5 frilled lizards
  5 kobolds
  5 rats
64 creatures vanquished.

Vanquished Creatures (collateral kills)
  2 gnolls (D:2)
2 creatures vanquished.

Grand Total: 66 creatures vanquished

Notes
Turn   | Place    | Note
-------+----------+-------------------------------------------
     0 | D:1      | MisterAzrael the Deep Elf Hedge Wizard began the quest for
                  | the Orb.
     0 | D:1      | Reached XP level 1. HP: 10/10 MP: 7/7
     2 | D:1      | Learned a level 1 spell: Slow
   248 | D:1      | Reached XP level 2. HP: 15/15 MP: 5/9
   250 | D:1      | Reached skill level 5 in Spellcasting
   253 | D:1      | Learned a level 2 spell: Call Imp
   836 | D:1      | Reached XP level 3. HP: 19/19 MP: 6/11
  1428 | D:2      | Got the Elucidation of Poisonous Feathers
  1446 | D:2      | Learned a level 3 spell: Mephitic Cloud
  1561 | D:2      | Learned a level 3 spell: Ozocubu's Armour
  1568 | D:2      | Reached skill level 6 in Spellcasting
  1628 | D:2      | Reached XP level 4. HP: 24/24 MP: 10/14
  1843 | D:2      | Found a faded altar of an unknown god.
  2515 | D:3      | Found Sarphegh's Armour Emporium.
  2604 | D:3      | Reached skill level 1 in Hexes
  3031 | D:3      | Found a sparkling altar of Nemelex Xobeh.
  3271 | D:4      | Noticed a phantom
  3286 | D:4      | Killed a phantom
  3287 | D:4      | Reached XP level 5. HP: 15/28 MP: 3/16
  3403 | D:4      | Found a stormy altar of Qazlal.
  3440 | D:4      | HP: 1/28 [acid (9)]
  3443 | D:4      | Splashed by a jelly's acid

Illustrated notes

Levels and vault maps discovered:
D:1:      roderic_dead_forest, layout_loops_ring, minivault_11, minmay_tripent
D:2:      layout_loops_ring, shapermc_ecumenical_altar_mp_vishouse
D:3:      layout_loops_ring, nemelex_spade_bored_becter, serial_shops,
          nicolae_shop_peninsula, st_stairs_14
D:4:      layout_loops_ring, mainiacjoe_overflow_concentric_impassable,
          nicolae_qazlal_eye_of_the_storm, serial_library_hellmonk_big_corner,
          nicolae_custom_books

Skill      XL: |  1  2  3  4 |
---------------+-------------+-----
Spellcasting   | 5 6 |  6.8
Conjurations   | 2 3 |  3.2
Hexes          | 2 |  2.7
Dodging        | |  2.4
Stealth        | |  2.4
Summonings     | |  1.1
Translocations | |  1.1
Ice Magic      | |  0.9

Action                     |  1- 3 |  4- 6 || total
---------------------------+-------+-------++-------
  Melee: Dagger            |     4 |       ||     4
   Cast: Magic Dart        |    79 |    96 ||   175
         Call Imp          |     3 |     1 ||     4
         Mephitic Cloud    |     1 |     1 ||     2
         Slow              |       |     2 ||     2
    Use: Scroll            |       |     2 ||     2
         Potion            |       |     3 ||     3
 Armour: Robe              |     7 |    12 ||    19
         Skin              |       |     3 ||     3
  Dodge: Dodged            |     3 |     5 ||     8

Table legend: (Time is in decaauts)
 A = Elapsed time spent in this place.
 B = Non-inter-level travel time spent in this place.
 C = Inter-level travel time spent in this place.
 D = Time resting spent in this place.
 E = Time spent auto-exploring this place.
 F = Levels seen in this place.
 G = Mean time per level.
                   A        B        C        D        E       F      G
               +--------+--------+--------+--------+--------+-----+--------+
         Total |   3442 |   3344 |     98 |    159 |   2810 |   4 |  860.5 |
       Dungeon |   3442 |   3344 |     98 |    159 |   2810 |   4 |  860.5 |
               +--------+--------+--------+--------+--------+-----+--------+

Top non-repeatable levels by time:
     D:1: 1180 daAuts
     D:2: 1115 daAuts
     D:3: 925 daAuts
     D:4: 220 daAuts
